AoeStats
← EMPEROR98265292

Pilgrims

510140825Analyzed
2v2 RM · 4d ago on Sep 29, 2026· 64m 26s· 4 players
Game mode
Random Map
Map size
Medium (4 player)
Population
200
Speed
Normal
Resources
Standard
Victory
Conquest
Starting age
Dark Age
Ending age
Imperial Age
RankedLock teamsTeams togetherTeam positionsShared explorationLock speedFull tech treeHidden civsTurbo modeCheats
Victory
Defeat
🇮🇳 Danes · India
1563
+9
🇮🇳 Italians · India
1404
+15
🇭🇺 Varangians · Hungary
1399
-12
🇭🇺 Vikings · Hungary
1382
-12
EMPEROR98265292
4:25 Loom
11:46 Feudal Age
13:52 Fletching
19:55 Castle Age
20:53 Bodkin Arrow
21:17 Medium Warships
21:38 Double-Bit Axe
23:23 Scale Mail Armor
23:33 Forging
24:31 Squires
24:17 Gambesons
24:17 Arson
24:49 Chain Mail Armor
24:49 Bow Saw
27:53 Iron Casting
30:41 Horse Collar
32:25 Thumb Ring
32:23 Padded Archer Armor
33:44 Bloodlines
33:36 Husbandry
34:51 Wheelbarrow
34:45 Ballistics
34:42 Leather Archer Armor
38:46 Imperial Age
37:29 Stone Mining
37:30 Gold Mining
38:46 Gold Shaft Mining
38:46 Stone Shaft Mining
39:34 Hand Cart
40:55 Chemistry
40:47 Conscription
41:22 Bracer
41:11 Cranequins
42:37 Heavy Mounted Crossbowman
45:08 Ring Archer Armor
46:29 Spies/Treason
48:43 Masonry
49:23 Heavy Warships
48:22 Elite Longship
50:11 Careening
50:12 Clinker Construction
51:51 Dry Dock
54:15 Shipwright
54:17 Carvel Hull
54:22 Shipwright
53:28 Hamask
60:09 Caravan
Sanskari Ladka
9:18 Feudal Age
9:40 Loom
22:04 Castle Age
21:15 Double-Bit Axe
21:12 Horse Collar
21:17 Fishing Lines
22:50 Fletching
26:57 Wheelbarrow
26:33 Bow Saw
27:01 Padded Archer Armor
27:00 Bodkin Arrow
30:01 Hand Cart
36:46 Ballistics
40:28 Town Watch
51:51 Imperial Age
53:45 Two-Man Saw
52:46 Heavy Plow
52:38 Gold Mining
52:38 Stone Mining
54:41 Chemistry
53:44 Bracer
55:09 Conscription
55:40 Spies/Treason
60:05 Caravan
violachaos
3:16 Loom
12:01 Feudal Age
12:46 Double-Bit Axe
22:03 Castle Age
21:01 Fletching
koole
5:51 Loom
11:41 Feudal Age
12:15 Town Watch
15:23 Fletching
20:15 Castle Age
18:48 Fishing Lines
19:06 Double-Bit Axe
21:46 Bodkin Arrow
22:07 Bow Saw
24:10 Ballistics
26:24 Wheelbarrow
26:07 Gold Mining
29:09 Clinker Construction
32:54 Bloodlines
32:45 Husbandry
36:04 Medium Warships
Connection lost

Rejoining the realm…

Still unreachable

The connection could not be restored.

Session expired

The server has moved on; the page needs a fresh start.